Unix NetHack Version 5.0.0-0 post-release - last build Jun 10 2026 00:39:30 (3ee93aec679c4c4259841fe613dc97188e26a321,branch:main).

Game began 2026-06-18 05:47:48, ended 2026-06-23 21:32:03.

Enkindle23, lawful male human Knight

                                  --.
                 ---             ....
               ---.--`.          .u.-
               |.........        --@--
              --.............------..--
              |......)%%..............-
              |-..%..---.|....-----....
              |..<...|   --...
              --..---
                ..|

Enkindle23 the Gallant   St:15 Dx:9 Co:11 In:7 Wi:15 Ch:18  Lawful
Dlvl:4  $:14 HP:0(23) Pw:19(19) AC:3  Xp:2 T:507 

Latest messages:
 l - a dart.  q - a dagger.
 l - a dart (2 in total).
 You have a little trouble lifting 3 daggers.  Continue? [ynq] (q) y
 You have a little trouble lifting q - 3 daggers (4 in total).  Your movements are slowed slightly because of your load.
 You see here 6 darts.
 You have a little trouble lifting l - 6 darts (8 in total).
 You swap places with your saddled pony.
 You swap places with your saddled pony.
 The gnome hits!  The saddled pony hits the gnome.  The saddled pony misses the gnome.  The gnome hits the saddled pony.
 You try to move the boulder, but in vain.
 You kill the gnome!  Welcome to experience level 2.
 You swap places with your saddled pony.  You see here a gnome corpse.
 A little dart shoots out at you!  You are hit by a little dart.
 There are 2 eggs here; eat one? [ynq] (n) y
 Blecch!  Rotten food!  You feel rather light headed.
 There is an egg here; eat it? [ynq] (n) y
 Blecch!  Rotten food!  You feel rather light headed.
 You have a little trouble lifting l - a dart (9 in total).  The arrow misses the saddled pony.  An arrow misses you.
 Really save? [yn] (n) y
 Saving...
 Restoring save file...
 Salutations Enkindle23, the human Knight, welcome back to NetHack!
 Your movements are slowed slightly because of your load.
 What do you want to drop? [$a-q or ?*] <esc>
 Never mind.
 You are hit by an arrow.
 The saddled pony picks up a gnome corpse.
 The arrow misses the saddled pony.
 You are hit by an arrow.
 You feel less confused now.
 You hear some noises.
 You hear some noises in the distance.
 You hear some noises.
 You climb up the stairs.
 You see here a dull spellbook.
 You drop 4 daggers.
 Your movements are now unencumbered.
 You descend the stairs.
 Really step onto that dart trap? [yn] (n) n
 You see here a gnome corpse.
 In what direction? 7
 You slip while trying to get on the saddled pony.
 You slip while trying to get on the saddled pony.
 You die...
 Do you want your possessions identified? [ynq] (y) y
 Do you want to see your attributes? [ynq] (y) y
 Do you want an account of creatures vanquished? y
 Do you want to see your conduct and achievements? [ynq] (y) y
 Do you want to see the dungeon overview? y

Inventory:
 Coins    ('$')
  $ - 14 gold pieces
 Weapons  (')')
  k - 9 blessed +1 darts
  l - 9 +0 darts
  a - a +1 long sword (weapon in right hand)
  b - a +1 lance (alternate weapon; not wielded)
 Armor    ('[')
  d - an uncursed +0 helmet (being worn)
  f - an uncursed +0 pair of leather gloves (being worn)
  e - an uncursed +0 small shield (being worn)
  c - an uncursed +1 ring mail (being worn)
 Comestibles  ('%')
  g - 11 uncursed apples
  h - 12 uncursed carrots
  i - an uncursed pear
 Scrolls  ('?')
  j - a cursed scroll of food detection
 Potions  ('!')
  p - an uncursed potion of blindness
  m - an uncursed potion of confusion
  o - an uncursed potion of levitation
 Gems/Stones  ('*')
  n - an uncursed aquamarine stone

Enkindle23 the Knight's attributes:

Background:
 You were a Gallant, a level 2 male human Knight.
 You were lawful, on a mission for Lugh
 who was opposed by Brigit (neutral) and Manannan Mac Lir (chaotic).
 You were right-handed.
 You were in the Gnomish Mines, on level 4.
 You entered the dungeon 507 turns ago.
 You had 23 experience points, 17 more were needed to attain level 3.

Basics:
 You had 0 out of 23 hit points.
 You had all 19 energy points (spell power).
 Your armor class was 3.
 Your wallet contained 14 zorkmids.
 Autopickup was off.

Final Characteristics:
 Your strength was 15 (limit:18/100).
 Your dexterity was 9 (limit:18).
 Your constitution was 11 (limit:18).
 Your intelligence was 7 (limit:18).
 Your wisdom was 15 (limit:18).
 Your charisma was 18 (limit:18).

Final Status:
 You weren't hungry.
 You were unencumbered.
 You were wielding a long sword.
 You had basic skill with long sword.

Final Attributes:
 You were fervently aligned.
 You could jump.
 You were warded.
 You are dead.

Miscellaneous:
 You didn't encounter any bones levels.
 Total elapsed playing time was 1 hour, 1 minute and 57 seconds.

Major events:
 Turn
    1: Enkindle23 the lawful male human Knight entered the dungeon
  193: entered the Gnomish Mines
  507: slipped while mounting a saddled pony

You didn't know any spells.

Skills:
 Fighting Skills
   bare handed combat [Unskilled]
   two weapon combat  [Unskilled]
   riding             [Basic]
 Weapon Skills
   dagger             [Unskilled]
   knife              [Unskilled]
   axe                [Unskilled]
   pick-axe           [Unskilled]
   short sword        [Unskilled]
   broadsword         [Unskilled]
   long sword         [Basic]
   two-handed sword   [Unskilled]
   saber              [Unskilled]
   club               [Unskilled]
   mace               [Unskilled]
   morning star       [Unskilled]
   flail              [Unskilled]
   hammer             [Unskilled]
   polearms           [Unskilled]
   spear              [Unskilled]
   trident            [Unskilled]
   lance              [Basic]
   bow                [Unskilled]
   crossbow           [Unskilled]
 Spellcasting Skills
   attack spells      [Unskilled]
   healing spells     [Unskilled]
   clerical spells    [Unskilled]

Voluntary challenges:
 Character rerolling was not enabled.
 You were an atheist.
 You never genocided any monsters.
 You never polymorphed an object.
 You never changed form.
 You used no wishes.
Achievement:
 You entered the Gnomish Mines.

 The Dungeons of Doom: levels 1 to 3
    Level 1:
    Level 2:
    Level 3:
       Stairs down to The Gnomish Mines.
 The Gnomish Mines:
    Level 4: <- You were here.
       Final resting place for
          you, slipped while mounting a saddled pony.


Vanquished creatures:
  6 gnomes
  4 jackals
  a grid bug
  a bat
  2 lichens
  3 newts
17 creatures vanquished.

No species were genocided or became extinct.

Game over:
                       ----------
                      /          \
                     /    REST    \
                    /      IN      \
                   /     PEACE      \
                  /                  \
                  |    Enkindle23    |
                  |      14 Au       |
                  |  slipped while   |
                  |    mounting a    |
                  |   saddled pony   |
                  |                  |
                  |       2026       |
                 *|     *  *  *      | *
        _________)/\\_//(\/(/\)/\//\/|_)_______

Fare thee well Enkindle23 the Knight...

You died in The Gnomish Mines on dungeon level 4 with 255 points,
and 14 pieces of gold, after 507 moves.
You were level 2 with a maximum of 23 hit points when you died.

